 Dungeon Crawl Stone Soup version 0.30-a0-626-gd6a5dd7a1f (webtiles) character file.

Game seed: 16497777829960257226

23 acebull12 the Sneak (level 2, -5/15 HPs)
             Began as a Spriggan Brigand on Jan 11, 2023.
             Slain by a worm (6 damage)
             ... on level 2 of the Dungeon.
             The game lasted 00:02:11 (989 turns).

acebull12 the Sneak (Spriggan Brigand)               Turns: 989, Time: 00:02:12

Health: -5/15      AC:  3    Str:  7    XL:     2   Next: 75%
Magic:  3/3        EV: 15    Int: 12    God:
Gold:   75         SH:  3    Dex: 16    Spells: 1/1 levels left

rFire   . . .      SeeInvis +    a - +2 dagger
rCold   . . .      Faith    .    j - +0 buckler
rNeg    . . .      Spirit   .    b - +0 robe
rPois   .          Reflect  .    (helmet restricted)
rElec   .          Harm     .    c - +0 cloak
rCorr   .          Rampage  .    (gloves unavailable)
Will    .....                    (boots unavailable)
Stlth   ++++                     (no amulet)
HPRegen 0.22/turn                (no ring)
MPRegen 0.08/turn                (no ring)

@: very quick
A: very small, no large weapons, unfitting armour, see invisible, speed 3
a: no special abilities


You were on level 2 of the Dungeon.
You visited 1 branch of the dungeon, and saw 2 of its levels.

You collected 75 gold pieces.

Inventory:

Hand Weapons
 a - a +2 dagger (weapon)
Missiles
 d - 9 poisoned darts (quivered)
 e - 3 curare-tipped darts
 l - 10 stones
Armour
 b - a +0 robe (worn)
 c - a +0 cloak (worn)
 j - a +0 buckler (worn)
Scrolls
 f - a scroll of torment {unknown}
 g - 2 scrolls of teleportation {unknown}
 h - 2 scrolls of immolation {unknown}
 m - 3 scrolls of identify {unknown}
 q - a scroll of butterflies {unknown}
Potions
 i - 2 potions of attraction {unknown}
 k - a potion of degeneration {unknown}
 n - 2 potions of curing {unknown}
 o - 2 potions of magic {unknown}
 p - a potion of flight {unknown}


   Skills:
 + Level 1.7 Fighting
 + Level 2.4 Short Blades
 + Level 2.1 Throwing
 + Level 1.4 Dodging
 + Level 6.8 Stealth


You had one spell level left.
You didn't know any spells.
Your spell library was empty.

Dungeon Overview and Level Annotations

Branches:
Dungeon (2/15)

Altars:


Innate Abilities, Weirdness & Mutations

You are very small and have problems with some larger weapons.
You are too small for most types of armour.
You have supernaturally acute eyesight. (SInv)
You cover ground extremely quickly. (Speed+++)


Message History

You hit the worm.
The worm is moderately wounded.
The worm bites you!
Ouch! That really hurt!
* * * LOW HITPOINT WARNING * * *
You are too injured to fight recklessly!
You are too injured to fight recklessly!
You are too injured to fight recklessly!
You are too injured to fight recklessly!
You are too injured to fight recklessly!
You are too injured to fight recklessly!
You hit the worm.
The worm is heavily wounded.
You hit the worm.
The worm is severely wounded.
The worm misses you.
You barely miss the worm.
The worm is severely wounded.
You block the worm's attack.
You hit the worm but do no damage.
The worm is severely wounded.
You hit the worm but do no damage.
The worm is severely wounded.
You block the worm's attack.
You hit the worm.
The worm is severely wounded.
You hit the worm but do no damage.
The worm is severely wounded.
The worm bites you.
* * * LOW HITPOINT WARNING * * *
You hit the worm but do no damage.
The worm is heavily wounded.
The worm bites you.
* * * LOW HITPOINT WARNING * * *
You hit the worm.
The worm is severely wounded.
You hit the worm.
The worm is severely wounded.
The worm bites you.
You die...

##########
#........#
#........#
##........#
####....w....#
.......@....$#
.####........#
#........#
#........#
####..#######
#.....#
#.##.##
##.##.#
##..##.###


You could see a worm.

Vanquished Creatures
  A dart slug (D:1)
  An endoplasm (D:1)
  A giant cockroach (D:1)
  3 goblins
  4 hobgoblins
  2 quokkas (D:1)
  A ball python (D:1)
  2 bats
  2 frilled lizards
  A kobold (D:1)
  2 rats (D:1)
20 creatures vanquished.

Notes
Turn   | Place    | Note
-------+----------+-------------------------------------------
     0 | D:1      | acebull12 the Spriggan Brigand began the quest for the Orb.
     0 | D:1      | Reached XP level 1. HP: 10/10 MP: 2/2
     2 | D:1      | Noticed a human
     2 | D:1      | Noticed a spriggan
     4 | D:1      | Noticed a demonspawn
     4 | D:1      | Noticed a tengu
     6 | D:1      | Noticed a felid
     6 | D:1      | Noticed a naga
     8 | D:1      | Noticed a meteoran
     8 | D:1      | Noticed a gargoyle
    10 | D:1      | Noticed a demigod
    10 | D:1      | Noticed a troll
    12 | D:1      | Noticed a ghoul
    12 | D:1      | Noticed an octopode
    14 | D:1      | Noticed a draconian
    16 | D:1      | Noticed an armataur
    18 | D:1      | Noticed a formicid
    18 | D:1      | Noticed a merfolk
    20 | D:1      | Noticed a vine stalker
    22 | D:1      | Noticed an elf
    22 | D:1      | Noticed a vampire
    24 | D:1      | Noticed an ogre
    24 | D:1      | Noticed a draconian
    26 | D:1      | Noticed a minotaur
    87 | D:1      | Reached skill level 6 in Stealth
   195 | D:1      | Reached XP level 2. HP: 15/15 MP: 3/3
   989 | D:2      | Slain by a worm

Illustrated notes

Levels and vault maps discovered:
D:1:      kb_arrival_jail, layout_basic
D:2:      layout_rooms, basic_altar, kennysheep_pointless_box

Skill      XL: |  1 |
---------------+----+-----
Stealth        | 6 |  6.8
Fighting       | |  1.7
Short Blades   | |  2.4
Throwing       | |  2.1
Dodging        | |  1.4

Action                   || total
-------------------------++-------
Melee: Dagger            ||    51
 Stab: Sleeping          ||     8
Armor: Robe              ||     3
Dodge: Dodged            ||    22
Block: Buckler           ||     2

Table legend: (Time is in decaauts)
 A = Elapsed time spent in this place.
 B = Non-inter-level travel time spent in this place.
 C = Inter-level travel time spent in this place.
 D = Time resting spent in this place.
 E = Time spent auto-exploring this place.
 F = Levels seen in this place.
 G = Mean time per level.
                   A        B        C        D        E       F      G
               +--------+--------+--------+--------+--------+-----+--------+
         Total |    631 |    606 |     25 |      0 |    474 |   2 |  315.5 |
       Dungeon |    631 |    606 |     25 |      0 |    474 |   2 |  315.5 |
               +--------+--------+--------+--------+--------+-----+--------+

Top non-repeatable levels by time:
     D:1: 503 daAuts
     D:2: 127 daAuts
